[Event "Late-Titled-Tuesday-Blitz-January-30-2024"]
[Site "Chess.com"]
[Date "2024.01.30"]
[Round "6"]
[White "egnfanclub"]
[Black "familijatop71"]
[Result "1-0"]
[WhiteElo "2357"]
[BlackElo "2222"]
[TimeControl "180+1"]
[EndTime "15:07:33 PST"]
[Termination "egnfanclub won on time"]

1. e4 d5 2. exd5 Qxd5 3. Nc3 Qa5 4. Bc4 c6 5. d3 Nf6 6. Qe2 Qc7 7. Nf3 Nbd7 8. Bd2 b5 9. Bb3 e6 10. O-O Nc5 11. Bg5 Be7 12. d4 Nxb3 13. axb3 O-O 14. Rfe1 a6 15. Ne4 Nxe4 16. Qxe4 Bb7 17. Qh4 Bxg5 18. Nxg5 h6 19. Ne4 a5 20. Re3 Rad8 21. Rg3 Kh7 22. Re1 Rd5 23. c4 bxc4 24. bxc4 Rf5 25. Qg4 Rg8 26. Rh3 c5 27. d5 Rf4 28. Ng5+ Kh8 29. Qh5 Qe7 30. dxe6 Rf5 31. f4 fxe6 32. Qg6 Rf6 33. Qd3 g6 34. Rxh6+ Kg7 35. Rh7+ Kf8 36. Rxe7 Kxe7 37. Rd1 Rxf4 38.
Qd7+ Kf6 39. Qf7+ Kxg5 40. Qxg8 Rg4 41. g3 1-0

[Event "Late-Titled-Tuesday-Blitz-January-30-2024"]
[Site "Chess.com"]
[Date "2024.01.30"]
[Round "6"]
[White "mbojan"]
[Black "Oleksandr_Bortnyk"]
[Result "0-1"]
[WhiteElo "2862"]
[BlackElo "3099"]
[TimeControl "180+1"]
[EndTime "15:07:34 PST"]
[Termination "Oleksandr_Bortnyk won by checkmate"]

1. a3 d5 2. Nf3 Nc6 3. b4 a6 4. Bb2 f6 5. d4 Nh6 6. Nbd2 Bf5 7. c4 e6 8. Qb3 Nf7 9. Rc1 g5 10. e3 Be7 11. Bd3 Bxd3 12. Qxd3 g4 13. Ng1 f5 14. Ne2 Bg5 15. h3 h5 16. cxd5 Qxd5 17. Rc5 Qxg2 18. Rg1 Qxh3 19. Qb3 Rh6 20. d5 exd5 21. Qxd5 Bh4 22. Rh1 Qxe3 23. Rxh4 Qe7 24. Rh2 Re6 25. f4 g3 26. Rg2 h4 27. Kd1 Nd6 28. Rxc6 O-O-O 29. Rc5 Ne4 30. Qxf5 Rxd2+ 31. Kc1 Qd7 32. Nd4 Rxg2 33. Qxe6 Rg1+ 34. Kc2 Qxe6 35.
Nxe6 Nxc5 36. Nxc5 h3 37. Bd4 h2 38. Bf2 gxf2 39. b5 f1=Q 40. bxa6 Qc4+ 41. Kd2 Rg2+ 42. Ke3 Re2+ 43. Kf3 h1=Q+ 44. Kg4 Qg8+ 45. Kf5 Qh5+ 46. Kf6 Qhf7# 0-1

[Event "Late-Titled-Tuesday-Blitz-January-30-2024"]
[Site "Chess.com"]
[Date "2024.01.30"]
[Round "6"]
[White "Rawnsdale"]
[Black "AsaHoffmann"]
[Result "0-1"]
[WhiteElo "2528"]
[BlackElo "2350"]
[TimeControl "180+1"]
[EndTime "15:07:34 PST"]
[Termination "AsaHoffmann won by checkmate"]

1. e4 d6 2. d4 Nf6 3. Nc3 c6 4. Nf3 Bg4 5. Be2 e6 6. O-O d5 7. Ne5 Bxe2 8. Qxe2 Nbd7 9. Bg5 Be7 10. Nxd7 Qxd7 11. e5 Ng8 12. Be3 h6 13. f4 g6 14.
a4 a5 15. g4 Bb4 16. Nd1 f5 17. c3 Bf8 18. Nf2 Ne7 19. Nd3 b6 20. b4 Nc8 21. Rfb1 Be7 22. b5 O-O 23. Kh1 Kh7 24.
Nf2 cxb5 25. Qxb5 Qxb5 26. Rxb5 Ra7 27. h3 Bd8 28. Rab1 Rc7 29. Bd2 Bh4 30. Nd3 Be7 31. Kg2 Rc6 32. gxf5 gxf5 33. Kf3 Rg8 34. Be1 Bd8 35.
R5b2 Rc4 36. Ra1 Rg7 37. Re2 Rgc7 38. Nb2 R4c6 39. Rg2 Rg7 40. Re2 Rgc7 41. Bd2 Na7 42. Rg1 Rg7 43. Reg2 Rxg2 44. Rxg2 b5 45. axb5 Nxb5 46.
Na4 Na3 47. Nc5 Be7 48. Nd3 Nc4 49. Be1 a4 50. Ra2 a3 51. Ke2 Rb6 52. Nb4 Bxb4 53. cxb4 Kg6 54. Kd3 Kh5 55. Bd2 Kh4 56. Bc1 Rxb4 57.
Bxa3 Rb3+ 58. Ke2 Rxa3 59. Rc2 Rxh3 60. Rc1 Kg4 61. Rg1+ Kxf4 62. Rg6 Ke4 63. Rxe6 Rh2+ 64. Kf1 Ne3+ 65. Kg1 Rg2+ 66. Kh1 f4 67. Rf6 f3 68.
e6 Ng4 69. Rxf3 Kxf3 70. e7 h5 71. e8=Q Nf2# 0-1

[Event "Late-Titled-Tuesday-Blitz-January-30-2024"]
[Site "Chess.com"]
[Date "2024.01.30"]
[Round "6"]
[White "Sandpacer"]
[Black "DeTimmerman"]
[Result "1-0"]
[WhiteElo "2498"]
[BlackElo "2661"]
[TimeControl "180+1"]
[EndTime "15:07:37 PST"]
[Termination "Sandpacer won by resignation"]

1. e4 e5 2. Nf3 Nc6 3. Bc4 Nf6 4. Ng5 Bc5 5. Bxf7+ Ke7 6. Bb3 Rf8 7. d3 h6 8. Nf3 d6 9. Be3 Bb6 10.
Nbd2 Qe8 11. Qe2 Bg4 12. h3 Bh5 13. c3 Kd7 14. O-O-O Bf7 15. Nh4 Bxb3 16. Nxb3 Ne7 17. g4 Qf7 18. Rhf1 a5 19. Bxb6 cxb6 20. Kb1 Kc7 21. f4 exf4 22. e5 Qe6 23. Rxf4 Qxe5 24. Rc4+ Nc6 25. Qg2 Rfe8 26. Nd4 d5 27. Nb5+ Kd7 28.
Ng6 Qg5 29. Qg3 Ne5 30. Rc7+ Kd8 31. Nxe5 Qxe5 32. Qxe5 Rxe5 33. Rxg7 Re3 34. Rf1 Ne8 35. Rf8 Rc8 36. Nd6 Rc6 37. Nxb7+ Kc8 38. Rh7 Rce6 39. Rxe8+ Rxe8 40. Nd6+ Kb8 41. Nxe8 Rxe8 42. Rxh6 Kc7 43. g5 Re1+ 44. Kc2 Rg1 45. h4 b5 46. Kb3 Rg2 47.
a4 bxa4+ 48. Kxa4 Rxb2 49. Kxa5 Rc2 50. Kb4 Rb2+ 51. Kc5 Rb3 52. Kxd5 Rxc3 53. d4 Kd7 54. Rh7+ Ke8 55. g6 Kf8 56. h5 Rg3 57. Kd6 1-0

[Event "Late-Titled-Tuesday-Blitz-January-30-2024"]
[Site "Chess.com"]
[Date "2024.01.30"]
[Round "6"]
[White "Alexei_Gubajdullin"]
[Black "Nick12772"]
[Result "1-0"]
[WhiteElo "2626"]
[BlackElo "2378"]
[TimeControl "180+1"]
[EndTime "15:07:37 PST"]
[Termination "Alexei_Gubajdullin won on time"]

1. Nf3 Nf6 2. g3 g6 3. Bg2 Bg7 4. O-O O-O 5. c4 c5 6. Nc3 d5 7. cxd5 Nxd5 8. d3 Nxc3 9. bxc3 Bxc3 10. Rb1 Bg7 11. Be3 Nd7 12. d4 c4 13. a4 Nb6 14.
Nd2 Nd5 15. Qc2 Nxe3 16. fxe3 Bf5 17. Be4 Bxe4 18. Nxe4 Qd5 19. Rb5 Qe6 20. Rf3 b6 21. d5 Qc8 22. a5 Qa6 23. Qxc4 bxa5 24. Qa4 Rfb8 25. Rxb8+ Rxb8 26. Kf2 Qb5 27. Qa2 Rf8 28. d6 exd6 29. Nxd6 Qd7 30. Ne4 a4 31. Nc5 Qh3 32. Kg1 Qc8 33. Nxa4 Qc1+ 34. Kg2 Qe1 35. Nc5 a5 36. Nd7 h5 37. Nxf8 Kh8 38. Nd7 Kh7 39.
Rxf7 Qb4 40. Nf6+ Kh6 41. Ng8+ Kh7 42. Qa1 1-0

[Event "Late-Titled-Tuesday-Blitz-January-30-2024"]
[Site "Chess.com"]
[Date "2024.01.30"]
[Round "6"]
[White "Atousa"]
[Black "BestestBP"]
[Result "0-1"]
[WhiteElo "2386"]
[BlackElo "2268"]
[TimeControl "180+1"]
[EndTime "15:07:37 PST"]
[Termination "BestestBP won by checkmate"]

1. Nf3 Nf6 2. g3 e6 3. Bg2 Be7 4. O-O O-O 5. b3 d5 6. Bb2 c5 7.
d3 Nc6 8. Nbd2 b6 9. e4 dxe4 10. dxe4 Bb7 11. Re1 Rc8 12. c3 Rc7 13. Qc2 Rd7 14. Nc4 Ba6 15. Bf1 Qc7 16. Bc1 Bxc4 17. Bxc4 Rfd8 18. Bb5 Ng4 19. h3 Nge5 20. Nxe5 Nxe5 21.
Kg2 Nd3 22. Rf1 Rd6 23. Be3 Ne5 24. Bf4 Bf6 25. Rad1 g5 26. Be3 h6 27. Qe2 Ng6 28.
Rxd6 Qxd6 29. Qc2 Qe5 30. Bd2 Bg7 31. Rd1 Kh7 32. Be2 f5 33. exf5 exf5 34. Bd3 Qd5+ 35. Kg1 Qxd3 36. Qc1 f4 37. Re1 Qxd2 38. Qb1 fxg3 39.
fxg3 Qd6 40. Rf1 Qxg3+ 41. Kh1 Rd2 42. Qxg6+ Kxg6 43. Rf6+ Kxf6 44. h4 Qh2# 0-1

[Event "Late-Titled-Tuesday-Blitz-January-30-2024"]
[Site "Chess.com"]
[Date "2024.01.30"]
[Round "6"]
[White "Mikhail_Golubev"]
[Black "ural58"]
[Result "1/2-1/2"]
[WhiteElo "2659"]
[BlackElo "2473"]
[TimeControl "180+1"]
[EndTime "15:07:38 PST"]
[Termination "Game drawn - insufficient material"]

1. e4 d5 2. exd5 Qxd5 3. Nf3 Bg4 4. Be2 Nc6 5. d4 O-O-O 6. c4 Qf5 7. Be3 Bxf3 8.
Bxf3 Nxd4 9. Bxd4 Qe6+ 10. Be2 c5 11. O-O cxd4 12. Na3 Qd7 13. c5 e6 14. c6 bxc6 15. Nc4 Qc7 16. Rc1 Ne7 17. Qa4 Rd5 18. Bf3 Rf5 19. Be4 g6 20. Bxf5 gxf5 21. Na5 c5 22.
b4 Nd5 23. Qe8+ Qd8 24. Qxf7 Qd7 25. Qxd7+ Kxd7 26. bxc5 Nc3 27. Rc2 Bxc5 28. Nb3 Kc6 29. Rfc1 Kd5 30. Nxc5 Kxc5 31. Rxc3+ dxc3 32. Rxc3+ Kd6 33. Ra3 Rb8 34. g3 Rb7 35. Ra6+ Kd5 36. Kg2 f4 37. gxf4 Ke4 38. Ra4+ Kf5 39. Kf3 Rc7 40. Ra5+ Kf6 41. h4 Rc3+ 42. Kg4 Rc7 43. f5 exf5+ 44. Rxf5+ Kg7 45. Ra5 Kf6 46. f4 Rg7+ 47. Kf3 Rc7 48.
Ra6+ Kf5 49. Ra5+ Kf6 50. h5 h6 51. Ra6+ Kf5 52. Rxh6 Rc3+ 53. Ke2 Ra3 54. Rh7 Kxf4 55.
h6 Rxa2+ 56. Kd3 Rh2 57. Rf7+ Kg5 58. Rxa7 Rxh6 59. Ra5+ Kg6 60. Ra6+ Kg5 61. Rxh6 Kxh6 1/2-1/2

[Event "Late-Titled-Tuesday-Blitz-January-30-2024"]
[Site "Chess.com"]
[Date "2024.01.30"]
[Round "6"]
[White "LevonAronian"]
[Black "Alex_Sahakyan2006"]
[Result "1-0"]
[WhiteElo "3099"]
[BlackElo "2865"]
[TimeControl "180+1"]
[EndTime "15:07:40 PST"]
[Termination "LevonAronian won on time"]

1. e4 e5 2. Bc4 Nf6 3. d3 c6 4. Bb3 d5 5. exd5 cxd5 6. Ne2 Nc6 7. O-O Be7 8. d4 e4 9. Nbc3 O-O 10. Nf4 Bg4 11.
Qd2 Bb4 12. Qe3 Ne7 13. h3 Bc8 14. Qe1 Nf5 15. Be3 Nh4 16. f3 Ng6 17. Nxg6 hxg6 18. Bg5 Qb6 19. Rd1 exf3 20. Rxf3 Ne4 21. Be7 Bxe7 22.
Nxd5 Qd6 23. Qxe4 Bg5 24. Qe5 Qxe5 25. dxe5 Bf5 26. g4 Be4 27. Rff1 Rae8 28. e6 Rxe6 29. Nc3 Re5 30. Nxe4 Rxe4 31. Rd7 Bf6 32. Rxb7 a5 33. c3 a4 34. Bd5 Re2 35. Rf2 Re1+ 36. Kg2 g5 37. c4 Rb1 38. b3 a3 39. Ra7 Bd4 40.
Raxf7 1-0

[Event "Late-Titled-Tuesday-Blitz-January-30-2024"]
[Site "Chess.com"]
[Date "2024.01.30"]
[Round "6"]
[White "pooh2012"]
[Black "Eduard_Limonov"]
[Result "1/2-1/2"]
[WhiteElo "2513"]
[BlackElo "2875"]
[TimeControl "180+1"]
[EndTime "15:07:40 PST"]
[Termination "Game drawn by agreement"]

1. Nf3 d5 2. g3 Bg4 3. Bg2 Nd7 4. d3 Ngf6 5. Nbd2 e5 6. h3 Bh5 7. O-O c6 8. Qe1 Qc7 9. e4 dxe4 10. dxe4 Bc5 11.
a4 O-O 12. Nc4 Rfe8 13. Nh4 Nf8 14. b4 Be7 15. Bb2 N6d7 16. Nf5 Ne6 17. Qc3 Bf6 18. Bf3 Bg6 19. Ncd6 Red8 20. Rad1 Nd4 21. Nc4 Bxf5 22. exf5 e4 23. Rxd4 exf3 24. Qxf3 Bxd4 25. Bxd4 Nf6 26. Bxf6 gxf6 27. Ne3 Qe7 28. Qh5 Rd6 29. Ng4 Rad8 30.
Kh2 Qf8 31. Nh6+ Kg7 32. Re1 Rd2 33. Kg2 Rxc2 34. Re4 Rdd2 35. Rg4+ Kh8 36. Nxf7+ Qxf7 37. Qxf7 Rxf2+ 38. Kg1 Rg2+ 39. Kf1 Rgf2+ 40. Ke1 Rfe2+ 41.
Kd1 Red2+ 42. Ke1 Re2+ 43. Kd1 Red2+ 44. Ke1 1/2-1/2

[Event "Late-Titled-Tuesday-Blitz-January-30-2024"]
[Site "Chess.com"]
[Date "2024.01.30"]
[Round "6"]
[White "Meri-Arabidze"]
[Black "Kacparov"]
[Result "0-1"]
[WhiteElo "2749"]
[BlackElo "2942"]
[TimeControl "180+1"]
[EndTime "15:07:42 PST"]
[Termination "Kacparov won on time"]

1. Nf3 d5 2. g3 c6 3. Bg2 Bg4 4. O-O Nd7 5. h3 Bxf3 6. exf3 e5 7. Re1 Bd6 8. f4 Ne7 9. fxe5 Nxe5 10. d4 Nd7 11. c3 O-O 12. Nd2 Re8 13. Nf3 h6 14.
Qc2 a5 15. Bd2 a4 16. Re2 Ng6 17. Rae1 Rxe2 18. Rxe2 b5 19. h4 Ngf8 20. Ne5 Nxe5 21. dxe5 Bc5 22. Qf5 Qe7 23. Be3 Bxe3 24. Rxe3 b4 25.
Bf1 a3 26. b3 Ne6 27. h5 Qg5 28. Qxg5 hxg5 29. cxb4 Rb8 30. Rc3 Nd4 31. b5 cxb5 32. Rd3 Nc2 33. Rxd5 Nb4 34. Rd2 Kf8 35. f4 gxf4 36.
gxf4 Ke7 37. Kg2 Rd8 38. Rf2 Rd1 39. Bxb5 Rb1 40. f5 f6 41. Rf4 Rb2+ 42. Kg3 Nxa2 43. Ra4 Rxb3+ 44. Kg2 Rxb5 45. Ra7+ Kf8 46. Ra8+ Kf7 47.
Ra7+ Kg8 48. e6 Re5 49. Rxa3 Nb4 50. Ra7 Nd5 51. Kg3 Rxf5 0-1

[Event "Late-Titled-Tuesday-Blitz-January-30-2024"]
[Site "Chess.com"]
[Date "2024.01.30"]
[Round "6"]
[White "YurasovMat-2012"]
[Black "ozen_metehan"]
[Result "0-1"]
[WhiteElo "2656"]
[BlackElo "2491"]
[TimeControl "180+1"]
[EndTime "15:07:46 PST"]
[Termination "ozen_metehan won on time"]

1. e4 c6 2. Nf3 d5 3. d3 g6 4. e5 c5 5. g3 Bg7 6. Bg2 Nc6 7. Bf4 Nh6 8. O-O Nf5 9. Qd2 h5 10.
Nc3 b6 11. Nxd5 Qxd5 12. Nd4 Qxg2+ 13. Kxg2 Ncxd4 14. f3 Bb7 15. c3 Ne6 16. Rae1 O-O-O 17. Be3 Bxe5 18. Bxc5 Nxc5 19. Rxe5 Nxd3 20. Re2 h4 21. g4 h3+ 22. Kg1 Nh4 23. Qe3 Rd7 24. b4 e5 25. c4 f6 26. c5 Ng2 27. Rxg2 hxg2 28. Rd1 Rhd8 29. cxb6 Nf4 30. Qc5+ Kb8 31. Rxd7 Rxd7 32.
Qf8+ Bc8 33. bxa7+ Kxa7 34. Qc5+ Kb8 35. Qb5+ Ka7 36.
Qc5+ Kb7 37. Qb5+ Kc7 38. Qc5+ Kb8 39. Qb5+ Rb7 40. Qc6 Rc7 41. Qb5+ Bb7 42. Qe8+ Rc8 43. Qa4 Rc1+ 0-1

[Event "Late-Titled-Tuesday-Blitz-January-30-2024"]
[Site "Chess.com"]
[Date "2024.01.30"]
[Round "6"]
[White "szachmistrz2500"]
[Black "Walter_White_Poland"]
[Result "1/2-1/2"]
[WhiteElo "2508"]
[BlackElo "2321"]
[TimeControl "180+1"]
[EndTime "15:07:46 PST"]
[Termination "Game drawn by repetition"]

1. d4 Nf6 2. Nf3 c5 3. d5 e6 4. c4 d6 5. Nc3 exd5 6. cxd5 g6 7. Nd2 Nbd7 8. e4 Bg7 9. Be2 O-O 10. O-O a6 11. a4 Re8 12. Re1 Rb8 13. a5 Ne5 14. h3 g5 15. Nf1 g4 16. hxg4 Nfxg4 17. f3 Nh6 18. Be3 f5 19. Qd2 Qh4 20. Bg5 Qh5 21. Ng3 Qg6 22. Ra4 Nhf7 23. Bf4 Bh6 24. Bxh6 Nxh6 25. Nxf5 Nxf5 26. exf5 Bxf5 27. Rh4 h5 28.
Ne4 Bxe4 29. Rxe4 Nf7 30. Bd3 Rxe4 31. Rxe4 Qf6 32. Re6 Qd4+ 33. Kh1 Kg7 34. b3 Rh8 35. Qe2 Rh6 36. Bc4 Rf6 37. Rxf6 Qxf6 38. Qe8 Qa1+ 39. Kh2 Qe5+ 40. Qxe5+ Nxe5 41. Kh3 Kf6 42. Kh4 Kg6 43. f4 Nd7 44. Bd3+ Kh6 45. g3 Nf6 46.
Bc4 Kg6 47. Bd3+ Kh6 48. Bc4 Kg6 49. Bd3+ Kh6 1/2-1/2

[Event "Late-Titled-Tuesday-Blitz-January-30-2024"]
[Site "Chess.com"]
[Date "2024.01.30"]
[Round "6"]
[White "Byniolus"]
[Black "FabianoCaruana"]
[Result "0-1"]
[WhiteElo "2847"]
[BlackElo "3046"]
[TimeControl "180+1"]
[EndTime "15:07:48 PST"]
[Termination "FabianoCaruana won on time"]

1. d4 Nf6 2. Nf3 d6 3. Bf4 g6 4. e3 Bg7 5. h3 O-O 6. Be2 b6 7. O-O Bb7 8. a4 a5 9. c3 Nbd7 10. Bh2 Re8 11. Na3 Ne4 12. Qb3 Ndf6 13. Rfd1 e6 14. Rac1 Qe7 15. Bf1 h6 16. Nb5 Rad8 17.
c4 Rd7 18. Qa3 Red8 19. Rc2 c6 20. Nc3 c5 21. Qb3 Nxc3 22. bxc3 Bxf3 23. gxf3 Rb7 24. Bg2 Rbb8 25. Rb1 e5 26. dxe5 dxe5 27. f4 Nh5 28. fxe5 Bxe5 29. Rcb2 Bxh2+ 30. Kxh2 Rd6 31. Qc2 Nf6 32.
Kg1 Qe5 33. Rb3 Kg7 34. Qe2 Qe6 35. Rb5 Rbd8 36. Qf3 Qxc4 37. Rxb6 Qxc3 38. Rb7 R8d7 39. Rxd7 Rxd7 40. Rb5 c4 41. Qf4 g5 42. Qb8 Qe1+ 43.
Kh2 Qxf2 44. Qe5 Rd2 45. Qg3 c3 46. Qxf2 Rxf2 47. Rxa5 Ne4 48. Ra7 Nc5 49. Rc7 Nxa4 50. Kg3 Rf5 51. Bb7 Rc5 0-1

[Event "Late-Titled-Tuesday-Blitz-January-30-2024"]
[Site "Chess.com"]
[Date "2024.01.30"]
[Round "6"]
[White "Dedic8"]
[Black "Ajedrecista3000"]
[Result "0-1"]
[WhiteElo "2794"]
[BlackElo "2606"]
[TimeControl "180+1"]
[EndTime "15:07:48 PST"]
[Termination "Ajedrecista3000 won by checkmate"]

1. d4 Nf6 2. c4 e6 3. Nc3 Bb4 4. e3 O-O 5. Bd3 d5 6. a3 Bxc3+ 7. bxc3 c6 8. Ne2 b6 9. cxd5 cxd5 10. c4 Ba6 11.
cxd5 Bxd3 12. Qxd3 Qxd5 13. f3 Nc6 14. e4 Qd7 15. Bg5 Rac8 16. Bxf6 gxf6 17. O-O Rfd8 18. Rad1 Ne7 19. Ng3 Ng6 20. Nh5 Qe7 21. Qe3 Kh8 22. Rc1 f5 23. Qh6 Qf8 24. Qg5 Qe7 25. Nf6 Kg7 26. e5 h6 27. Qe3 Qb7 28. d5 exd5 29. Nh5+ Kh7 30. Nf6+ Kg7 31. Qd4 Qe7 32. Nh5+ Kh7 33.
Nf6+ Kg7 34. f4 Rc5 35. Nh5+ Kh7 36. h3 Rdc8 37. Rcd1 Rc2 38. Qxd5 Nh4 39. g3 Qxa3 40.
Nf6+ Kg6 41. Rd3 Qb2 42. gxh4 R8c3 43. Rxc3 Qxc3 44. Rf3 Qe1+ 45. Rf1 Qg3+ 46. Kh1 Qxh3+ 47. Kg1 Qh2# 0-1

[Event "Late-Titled-Tuesday-Blitz-January-30-2024"]
[Site "Chess.com"]
[Date "2024.01.30"]
[Round "6"]
[White "Njal28"]
[Black "Vladimir_2020"]
[Result "1-0"]
[WhiteElo "3052"]
[BlackElo "2770"]
[TimeControl "180+1"]
[EndTime "15:07:49 PST"]
[Termination "Njal28 won by checkmate"]

1. d4 d5 2. Nf3 Nf6 3. c3 c6 4. Qc2 g6 5. Bf4 Bg7 6. e3 O-O 7. h3 b6 8. Be2 Ba6 9. Bxa6 Nxa6 10. O-O Nb8 11. c4 c5 12. dxc5 bxc5 13. Rd1 e6 14. cxd5 Nxd5 15. Nc3 Na6 16. Bg5 Qb6 17. Rab1 Nab4 18.
Qb3 Nxc3 19. bxc3 Nd5 20. Qa3 Qc7 21. Rdc1 Rab8 22. Rxb8 Rxb8 23. e4 Nf4 24. Bxf4 Qxf4 25.
Re1 Qc7 26. e5 Rd8 27. c4 h6 28. h4 Qb6 29. Qe3 Qb4 30. Qe4 a5 31. Rb1 Qa4 32. Qe2 Qc6 33. Rb5 a4 34. a3 Qd7 35. Qc2 Qd1+ 36.
Qxd1 Rxd1+ 37. Kh2 Rd3 38. Rxc5 Rxa3 39. Rc8+ Bf8 40.
Nd4 Rc3 41. Nb5 Rc2 42. Nd6 a3 43. Ra8 a2 44. Ne8 h5 45. Nf6+ Kg7 46. Ne8+ Kh6 47. Nf6 Bg7 48. f4 Bxf6 49. exf6 Rxc4 50. Rh8# 1-0

[Event "Late-Titled-Tuesday-Blitz-January-30-2024"]
[Site "Chess.com"]
[Date "2024.01.30"]
[Round "6"]
[White "chegueps"]
[Black "ImportedItalianMaple"]
[Result "0-1"]
[WhiteElo "2596"]
[BlackElo "2485"]
[TimeControl "180+1"]
[EndTime "15:07:50 PST"]
[Termination "ImportedItalianMaple won by checkmate"]

1. d4 g6 2. Nf3 Bg7 3. g3 Nf6 4. Bg2 O-O 5. O-O d6 6. c3 c5 7. a4 Nc6 8. d5 Ne5 9. Nxe5 dxe5 10. c4 e6 11. Nc3 exd5 12. cxd5 Ne8 13. e4 Nd6 14.
Be3 b6 15. a5 Ba6 16. Re1 Nc4 17. axb6 Nxe3 18. Rxe3 axb6 19. Bf1 Bb7 20. Nb5 Rxa1 21.
Qxa1 f5 22. Bc4 f4 23. Rf3 g5 24. Qb1 g4 25. Ra3 Qf6 26. Qe1 Kh8 27. Ra7 Bc8 28.
Ra8 Bd7 29. Rxf8+ Bxf8 30. Qd2 h5 31. Nc3 h4 32. gxh4 Qxh4 33. Ne2 b5 34. Qc3 Bd6 35. Nxf4 Qg5 36. Nd3 bxc4 37. Qxc4 Kg7 38. Qa6 Qf6 39.
Qb7 Qe7 40. Kg2 Kf6 41. Qb6 Kg5 42. Qa5 Qf6 43. Qd2+ Kh5 44. Ne1 c4 45. Qa5 Qf4 46. Qd8 Qxe4+ 47. Kf1 Bb5 48. Qh8+ Kg5 49. Qg7+ Qg6 50.
Qb7 Qe8 51. Qb6 c3+ 52. Kg2 cxb2 53. h4+ gxh3+ 54. Kg3 b1=Q 55. Nf3+ Kf5 56. Qxd6 Qe4 57. Nh4+ Qxh4+ 58. Kxh4 Qh8+ 59. Kg3 Qg7+ 60. Kf3 Qg4+ 61. Ke3 Qd4+ 62. Kf3 Qf4# 0-1

[Event "Late-Titled-Tuesday-Blitz-January-30-2024"]
[Site "Chess.com"]
[Date "2024.01.30"]
[Round "6"]
[White "shirovin"]
[Black "Navyblue1"]
[Result "1-0"]
[WhiteElo "2051"]
[BlackElo "2146"]
[TimeControl "180+1"]
[EndTime "15:07:50 PST"]
[Termination "shirovin won on time"]

1. e4 c5 2. Nf3 d6 3. c4 Nc6 4. d4 cxd4 5. Nxd4 g6 6. Be3 Bg7 7. Nc3 Nf6 8. Be2 O-O 9. O-O Bd7 10. f3 Nxd4 11. Bxd4 b6 12. Qd2 Rc8 13. b3 Ne8 14.
Bxg7 Nxg7 15. Rfd1 Bc6 16. e5 dxe5 17. Qe3 Qc7 18. Nd5 Bxd5 19. cxd5 Qc5 20. Kf2 Ne8 21. Rac1 Qxe3+ 22. Kxe3 Nd6 23. Ba6 Ra8 24. g4 Rfb8 25. Rc7 b5 26. a4 bxa4 27. bxa4 Rb4 28. Rxe7 Rxa4 29. Be2 Ra3+ 30. Kf2 Rb8 31. Rd7 Ne8 32. d6 Ra2 33. Kf1 Rc2 34. Re7 Rd8 35. d7 Nc7 36. Rxe5 Kf8 37. Ra5 Rc6 38. Rxa7 Ke7 39. Ra4 Rd6 40. Re4+ Re6 41. Red4 Na8 42. Bc4 Rf6 43.
Re4+ Kf8 44. Bb5 Nc7 45. Ba4 Ra6 46. Rde1 Raa8 47. Bc6 1-0

[Event "Late-Titled-Tuesday-Blitz-January-30-2024"]
[Site "Chess.com"]
[Date "2024.01.30"]
[Round "6"]
[White "dmitrijiIM"]
[Black "koziororo"]
[Result "1-0"]
[WhiteElo "2888"]
[BlackElo "2610"]
[TimeControl "180+1"]
[EndTime "15:07:52 PST"]
[Termination "dmitrijiIM won on time"]

1. d4 e6 2. c4 f5 3. Nf3 Nf6 4. g3 Be7 5. Bg2 O-O 6. O-O d6 7. Nc3 Ne4 8. Qc2 Nxc3 9. bxc3 Nc6 10. e4 e5 11. c5 fxe4 12. Qxe4 d5 13. Qe3 e4 14. Nd2 Bg5 15. Qe1 Bg4 16. f4 Bf6 17.
Rb1 Bc8 18. Qe2 b6 19. Nb3 Ne7 20. g4 g6 21. Ba3 a5 22. Qe3 Ba6 23. Rfd1 Re8 24.
Nd2 Bd3 25. Rb2 b5 26. Bf1 Bxf1 27. Nxf1 c6 28. Rg2 Qb8 29. Rb1 Kh8 30. Kh1 Bg7 31. Ng3 Rf8 32. Ne2 Bh6 33. Rf1 b4 34. Bc1 a4 35.
cxb4 Qxb4 36. Qh3 Bg7 37. f5 Ra7 38. Bg5 Ng8 39. Nf4 h6 40. Nxg6+ Kh7 41. Nxf8+ Bxf8 42. Be3 Qc4 43. Rgf2 a3 44. g5 Rb7 45. g6+ Kg7 46.
f6+ Nxf6 47. Rxf6 1-0

[Event "Late-Titled-Tuesday-Blitz-January-30-2024"]
[Site "Chess.com"]
[Date "2024.01.30"]
[Round "6"]
[White "ElephantChessGenius"]
[Black "bn1462"]
[Result "1-0"]
[WhiteElo "2245"]
[BlackElo "1958"]
[TimeControl "180+1"]
[EndTime "15:07:54 PST"]
[Termination "ElephantChessGenius won on time"]

1. e4 c5 2. Nc3 Nc6 3. Bb5 Nd4 4. Nf3 g6 5. O-O Bg7 6. Nxd4 cxd4 7. Ne2 a6 8. Bd3 Nf6 9. Nxd4 Nxe4 10. Bxe4 Bxd4 11. c3 Bg7 12. d4 d5 13. Bf3 O-O 14. Qb3 e6 15. Bf4 b5 16. a4 Bd7 17. axb5 axb5 18.
Be2 Qb6 19. Qb4 Rfc8 20. Bd6 Bf8 21. Bxf8 Rxf8 22. h4 h5 23. g3 Rfc8 24. Kg2 Kg7 25. Qe7 Bc6 26. Qd6 Rcb8 27. Qb4 Be8 28. Bd3 Ra4 29. Qe7 Rba8 30. Rae1 Qa7 31. Qg5 b4 32. Qe5+ Kg8 33. Qf6 bxc3 34. bxc3 Ra3 35. Rc1 Qc7 36.
Rfe1 Rxc3 37. Rxc3 Qxc3 38. Re3 Qc7 39. Re5 Rc8 40.
Rg5 Qd8 41. Qf4 Qe7 42. Qe3 1-0

[Event "Late-Titled-Tuesday-Blitz-January-30-2024"]
[Site "Chess.com"]
[Date "2024.01.30"]
[Round "6"]
[White "blitis"]
[Black "Malev212"]
[Result "1-0"]
[WhiteElo "2629"]
[BlackElo "2654"]
[TimeControl "180+1"]
[EndTime "15:07:56 PST"]
[Termination "blitis won on time"]

1. e4 g6 2. h4 d5 3. h5 dxe4 4. hxg6 fxg6 5. Nc3 Nf6 6. Bc4 Nc6 7. Nge2 Bg4 8. d4 exd3 9. cxd3 Ne5 10. Bf4 Nxc4 11. Qa4+ Qd7 12. Qxc4 c6 13. O-O-O b5 14. Qc5 b4 15. f3 bxc3 16. fxg4 cxb2+ 17. Kb1 Nxg4 18. Qc3 e5 19. Bxe5 Rg8 20. Ng3 O-O-O 21. Ne4 Nxe5 22. Qxe5 Bg7 23. Qc5 Bd4 24. Qc4 h5 25. Rhf1 Rgf8 26. Rfe1 Kb8 27. Re2 Ka8 28. Rde1 Qd5 29. Qa4 Qb5 30.
Qc2 c5 31. Nd2 Rfe8 32. Nc4 Rxe2 33. Qxe2 Qc6 34. Qe7 Qd7 35. Qe4+ Kb8 36. Qxg6 Bc3 37. Rd1 Qa4 38. Qxh5 Rf8 39. Qe2 Bd4 40. Rf1 Re8 41. Qh5 Qc6 42. Qh2+ Ka8 43. Qh5 Bc3 44. Qf3 Qxf3 45.
gxf3 Bd4 46. Kc2 Re2+ 47. Kb3 1-0

[Event "Late-Titled-Tuesday-Blitz-January-30-2024"]
[Site "Chess.com"]
[Date "2024.01.30"]
[Round "6"]
[White "rdarruda"]
[Black "PapaieDudu"]
[Result "0-1"]
[WhiteElo "2536"]
[BlackElo "2411"]
[TimeControl "180+1"]
[EndTime "15:07:56 PST"]
[Termination "PapaieDudu won on time"]

1. d4 d5 2. Nf3 Nf6 3. c4 dxc4 4. e3 a6 5. a4 c5 6. Bxc4 e6 7. O-O Be7 8. Nc3 O-O 9. e4 cxd4 10. Nxd4 Qc7 11. Qe2 Rd8 12. Be3 Bc5 13. Rfd1 Bd7 14.
Rac1 Qb6 15. a5 Qa7 16. b4 e5 17. bxc5 exd4 18. Bxd4 Ne8 19. Qh5 Be6 20. Bxe6 fxe6 21. Bxg7 Nc6 22. Bh6 Ne7 23. Qg5+ Kf7 24. Qf4+ Kg6 25.
Qg5+ Kf7 26. Ne2 Rxd1+ 27. Rxd1 Ng6 28. Nf4 b5 29. Nxg6 hxg6 30. Qf4+ Kg8 31. Qf8+ Kh7 32. Bg5 Ng7 33. Qf4 Qxc5 34. Qh4+ Kg8 35. Bf6 Nh5 36. Qg4 Kf7 37. Bg5 Qc6 38. Qf3+ Kg7 39. g4 Rf8 40. Qe3 Nf6 41. Qd4 Rf7 42. Bxf6+ Kh6 43. g5+ Kh5 44.
Rd3 Qc1+ 45. Kg2 Qf4 46. Rh3+ Kg4 47. Rg3+ Kh4 48. Qd1 Qxe4+ 49. Kg1 Qf5 50. Qf1 Rxf6 51. gxf6 g5 0-1

[Event "Late-Titled-Tuesday-Blitz-January-30-2024"]
[Site "Chess.com"]
[Date "2024.01.30"]
[Round "6"]
[White "guillembaches"]
[Black "TheAlienParty"]
[Result "0-1"]
[WhiteElo "2516"]
[BlackElo "2394"]
[TimeControl "180+1"]
[EndTime "15:07:56 PST"]
[Termination "TheAlienParty won by checkmate"]

1. e4 e5 2. Nf3 Nc6 3. Nc3 Bb4 4.
Nd5 Be7 5. Bc4 Nf6 6. Nxe7 Qxe7 7. d3 h6 8. c3 d6 9. h3 a6 10. a4 Be6 11. Bxe6 fxe6 12. O-O O-O 13. Re1 Qf7 14. b4 Nh5 15. Be3 Nf4 16. Rb1 Nxh3+ 17. gxh3 Qxf3 18. Qxf3 Rxf3 19. Kg2 Rff8 20. b5 axb5 21. axb5 Ne7 22. b6 c6 23. Ra1 Ng6 24. c4 Nh4+ 25. Kf1 g5 26. Ke2 Kg7 27. Ra7 Rab8 28. Rea1 Kg6 29.
R1a5 c5 30. Ra1 Nf3 31. Rh1 Nd4+ 32. Kd2 Nc6 33. Ra3 Ra8 34. Rha1 Rxa3 35. Rxa3 Kh5 36.
Ke2 Kh4 37. Ra1 Rh8 38. Kd2 Kxh3 39. Bxg5 Kg2 40. Bf6 Rf8 41. Bh4 h5 42. Ke3 Rg8 43. Ra2 Kh3 44. Bf6 h4 45. f3 Rf8 46. Bg5 Rg8 47. Bf6 Rg6 48. Bh8 Rg2 49. Ra1 Nd4 50.
Bf6 Re2# 0-1